 Dungeon Crawl Stone Soup version 0.30.1-11-g7821555f0a (webtiles) character file.

Game seed: 3778281880068626608

23 Farter the Sneak (level 2, 0/22 HPs)
             Began as a Vampire Brigand on Dec 5, 2023.
             Slain by an adder (1 damage)
             ... on level 3 of the Dungeon.
             The game lasted 00:02:07 (511 turns).

Farter the Sneak (Vampire Brigand)                   Turns: 511, Time: 00:02:08

Health: 0/22       AC:  3    Str: 10    XL:     2   Next: 72%
Magic:  2/2        EV: 12    Int: 13    God:
Gold:   23         SH:  0    Dex: 15    Spells: 1/1 levels left

rFire   . . .        a - +2 dagger
rCold   . . .        (no shield)
rNeg    . . .        b - +0 robe
rPois   .            (no helmet)
rElec   .            c - +0 cloak
rCorr   .            (no gloves)
SInv    +            (no boots)
Will    .....        (no amulet)
Stlth   +++          (no ring)
HPRegen 0.43/turn    (no ring)
MPRegen 0.08/turn

%: no passive effects
@: lethally poisoned (0 -> -1), healing quickly, hasted, very quick
A: alive, fangs 3, see invisible, vampiric 1
a: Exsanguinate


You were on level 3 of the Dungeon.
You visited 1 branch of the dungeon, and saw 3 of its levels.

You collected 23 gold pieces.

Inventory:

Hand Weapons
 a - a +2 dagger (weapon)
Missiles
 d - 9 poisoned darts (quivered)
 e - 3 curare-tipped darts
Armour
 b - a +0 robe (worn)
 c - a +0 cloak (worn)


   Skills:
 + Level 2.1 Fighting
 + Level 2.4 Short Blades
 + Level 1.6 Throwing
 + Level 1.3 Dodging
 + Level 6.5 Stealth


You had one spell level left.
You didn't know any spells.
Your spell library was empty.

Dungeon Overview and Level Annotations

Branches:
Dungeon (3/15)

Altars:


Innate Abilities, Weirdness & Mutations

Your natural rate of healing is accelerated.
You have razor-sharp teeth.
You have supernaturally acute eyesight. (SInv)
You are afflicted with vampirism.


Message History

You see here a scroll labelled KEUZXE YG JYUKH.
You completely miss the adder.
The adder is moderately wounded.
You feel sick. The adder bites you.
You are more poisoned.
The adder poisons you!
You hit the adder.
The adder is heavily wounded.
You feel sick. The adder bites you but does no damage.
You miss the adder.
The adder is heavily wounded.
You feel sick. The adder completely misses you.
You miss the adder.
The adder is heavily wounded.
You feel sick. The adder barely misses you.
You hit the adder.
The adder is heavily wounded.
You feel sick. The adder barely misses you.
You hit the adder.
The adder is almost dead.
The adder bites you but does no damage.
You barely miss the adder.
The adder is almost dead.
You feel sick. The adder closely misses you.
The adder attacks as you move away! The adder barely misses you.
You feel sick. The adder bites you.
* * * LOW HITPOINT WARNING * * *
You are lethally poisoned!
The adder poisons you!
* * * LOW HITPOINT WARNING * * *
You feel sick.
* * * LOW HITPOINT WARNING * * *
You feel sick.
You aren't carrying any scrolls.
You aren't carrying any scrolls.
Okay, then.
It was a potion of haste.
You feel yourself speed up.
* * * LOW HITPOINT WARNING * * *
You feel sick. The adder bites you.
You die...

#.# #... #
#.###### #.##
#......# ######.#
#.# # #.# .. #.#
###.#.#
#.#########.......
#...@S.?....#
#############


You could see an adder.

Vanquished Creatures
  An adder (D:3)
  A dart slug (D:3)
  A ball python (D:2)
  A bat (D:2)
  2 goblins (D:2)
  A hobgoblin (D:2)
  3 quokkas (D:2)
10 creatures vanquished.

Notes
Turn   | Place    | Note
-------+----------+-------------------------------------------
     0 | D:1      | Farter the Vampire Brigand began the quest for the Orb.
     0 | D:1      | Reached XP level 1. HP: 16/16 MP: 1/1
    20 | D:2      | Reached skill level 6 in Stealth
   202 | D:2      | Reached XP level 2. HP: 13/22 MP: 2/2
   358 | D:2      | You fall into a shaft and drop 1 floor!
   511 | D:3      | HP: 1/22 [poisoned by an adder]
   511 | D:3      | Slain by an adder

Illustrated notes

Levels and vault maps discovered:
D:1:      saegor_arrival_simple_b, layout_basic
D:2:      kennysheep_big_flooded_room, layout_rooms
D:3:      layout_loops_cross, dk_yredelemnul_ordeal

Skill      XL: |  1 |
---------------+----+-----
Stealth        | 6 |  6.5
Fighting       | 2 |  2.1
Short Blades   | |  2.4
Throwing       | |  1.6
Dodging        | |  1.3

Action                     || total
---------------------------++-------
  Melee: Dagger            ||    39
         Bite              ||     4
         Punch             ||     1
    Use: Scroll            ||     1
         Potion            ||     1
   Stab: Sleeping          ||     2
 Armour: Robe              ||    12
  Dodge: Dodged            ||    27
